 Dungeon Crawl Stone Soup version 0.31-a0-278-g485e682e34 (webtiles) character file.

Game seed: 13197676328905364524

264 AdnanSaban the Cudgeller (level 6, 0/38 HPs)
             Began as a Gargoyle Fighter on July 15, 2023.
             Killed from afar by a steam dragon (4 damage)
             ... with a ball of steam
             ... on level 5 of the Dungeon.
             The game lasted 00:03:41 (2851 turns).

AdnanSaban the Cudgeller (Gargoyle Fighter)         Turns: 2851, Time: 00:03:41

Health: 0/38       AC: 11    Str: 21    XL:     6   Next: 19%
Magic:  6/6        EV:  9    Int:  9    God:
Gold:   138        SH:  4    Dex:  9    Spells: 5/5 levels left

rFire   + . .        a - +0 flail
rCold   . . .        c - +0 buckler
rNeg    + . .        b - +0 scale mail
rPois   ∞            (no helmet)
rElec   +            (no cloak)
rCorr   .            (no gloves)
SInv    .            (no boots)
Will    .....        (no amulet) Stlth
                     o - ring of protection from fire
HPRegen 0.26/turn    (no ring)
MPRegen 0.10/turn

%: no passive effects
@: no status effects
A: sickness immunity, AC +4, negative energy resistance 1, electricity
resistance, torment resistance 1, petrification resistance
a: no special abilities


You were on level 5 of the Dungeon.
You visited 1 branch of the dungeon, and saw 5 of its levels.

You collected 138 gold pieces.

Inventory:

Hand Weapons
 a - a +0 flail (weapon)
Armour
 b - a +0 scale mail (worn)
 c - a +0 buckler (worn)
Jewellery
 n - a ring of magical power
 o - a ring of protection from fire (left hand)
 u - an amulet of magic regeneration
 v - a +4 ring of slaying
Wands
 j - a wand of paralysis (14)
 p - a wand of flame (21)
 s - a wand of roots (7)
 t - a wand of acid (4)
Scrolls
 e - a scroll of noise {unknown}
 g - 4 scrolls of teleportation {unknown}
 i - a scroll of enchant weapon {unknown}
 k - 3 scrolls of identify {unknown}
 l - a scroll of blinking {unknown}
 w - a scroll of revelation {unknown}
Potions
 d - 3 potions of might
 f - a potion of ambrosia {unknown}
 h - 4 potions of curing {unknown}
 m - 2 potions of mutation {unknown}
 q - a potion of berserk rage {unknown}
 r - a potion of brilliance {unknown}


   Skills:
 + Level 4.2 Fighting
 + Level 4.8 Maces & Flails
 + Level 4.1 Armour
 + Level 0.2 Stealth
 + Level 4.1 Shields


You had 5 spell levels left.
You didn't know any spells.
Your spell library contained the following spells:

 Spells                   Type           Power      Damage    Failure   Level
 Sting                    Tmut/Pois      0%         1d3       78%         1
 Poisonous Vapours        Pois/Air       0%         N/A       89%         2
 Summon Guardian Golem    Hex/Summ       0%         N/A       98%         3
 Olgreb's Toxic Radiance  Pois           0%         N/A       100%        4
 Orb of Destruction       Conj           0%         9d5       100%        7
 Spellforged Servitor     Conj/Summ      0%         N/A       100%        7


Dungeon Overview and Level Annotations

Branches:
Dungeon (5/15)
 Temple: D:4-7

Altars:
Ashenzari
Zin


Innate Abilities, Weirdness & Mutations

You are immune to sickness and miasma.
Your stone body is resilient. (AC +4)
You are immune to poison.
You resist negative energy. (rN+)
You are resistant to electric shocks. (rElec)
You are resistant to unholy torment.
You are immune to petrification.


Message History

The steam dragon breathes steam at you. The ball of steam hits you. You resist.
You barely miss the steam dragon.
The steam dragon is lightly wounded.
The steam dragon closely misses you. You block the steam dragon's attack.
You closely miss the steam dragon.
The steam dragon is lightly wounded.
You block the steam dragon's attack. x2
You hit the steam dragon.
The steam dragon is lightly wounded.
The steam dragon bites you. The steam dragon claws you.
* * * LOW HITPOINT WARNING * * *
You hit the steam dragon.
The steam dragon is moderately wounded.
The steam dragon bites you.
* * * LOW HITPOINT WARNING * * *
The steam dragon closely misses you.
You closely miss the steam dragon.
The steam dragon is moderately wounded.
The steam dragon bites you.
* * * LOW HITPOINT WARNING * * *
The steam dragon claws you but does no damage.
You thump the steam dragon!
The steam dragon is heavily wounded.
The steam dragon breathes steam at you. The ball of steam misses you.
The steam dragon bites you.
* * * LOW HITPOINT WARNING * * *
The steam dragon barely misses you.
Sorry, you're not good enough to have a special ability.
Unknown command.
You sock the steam dragon!
The steam dragon is severely wounded.
The steam dragon bites you.
* * * LOW HITPOINT WARNING * * *
You block the steam dragon's attack.
You barely miss the steam dragon.
The steam dragon is severely wounded.
The steam dragon breathes steam at you. The ball of steam hits you. You resist.
You die...

## ### #. ..#
#. #.#
#.####.#####.#
.......D@.##.#
#.####.##.##.#
#.##.##.#
#.......#
####.#### ##+#
#.# ##...##
#.# ##..<..##
##.#
##.>.....##
##..#


You could see a steam dragon (catching breath).

Vanquished Creatures
  A scorpion (D:4)
  A jelly (D:5)
  An iguana (D:4)
  Ijyb (D:4)
  4 adders
  A gnoll (D:1)
  A worm (D:3)
  3 dart slugs
  5 orcs
  6 ball pythons
  3 bats
  4 endoplasms
  3 giant cockroaches
  4 goblins
  6 hobgoblins
  4 jackals (D:1)
  2 quokkas
  A frilled lizard (D:3)
  10 kobolds
  9 rats
70 creatures vanquished.

Vanquished Creatures (others)
  A hound (D:5)
1 creature vanquished.

Grand Total: 71 creatures vanquished

Notes
Turn   | Place    | Note
-------+----------+-------------------------------------------
     0 | D:1      | AdnanSaban the Gargoyle Fighter began the quest for the
                  | Orb.
     0 | D:1      | Reached XP level 1. HP: 14/14 MP: 1/1
    83 | D:1      | Reached XP level 2. HP: 14/19 MP: 2/2
   507 | D:1      | Reached XP level 3. HP: 21/23 MP: 3/3
   977 | D:2      | Reached XP level 4. HP: 29/29 MP: 4/4
  1687 | D:3      | Found a glowing silver altar of Zin.
  1880 | D:4      | Found a broken altar of Ashenzari.
  1995 | D:4      | Noticed Ijyb
  2005 | D:4      | Killed Ijyb
  2006 | D:4      | Reached XP level 5. HP: 24/33 MP: 5/5
  2512 | D:4      | Reached XP level 6. HP: 23/38 MP: 6/6
  2605 | D:5      | Entered Level 5 of the Dungeon
  2836 | D:5      | Noticed a steam dragon
  2851 | D:5      | Killed from afar by a steam dragon

Illustrated notes

Levels and vault maps discovered:
D:1:      psy_arrival_dodecagon, layout_basic
D:2:      layout_basic
D:3:      layout_rooms, zin_scriptorium, corner_web_ring
D:4:      layout_loops_ring, mainiacjoe_overflow_alcove_1, corexii_corridor_pit,
          uniq_ijyb
D:5:      layout_loops_corners, nicolae_qazlal_beasts_of_the_sky,
          minmay_temple_entry_nine_rooms, uniq_blork_the_orc

Skill      XL: |  1  2  3  4  5 |
---------------+----------------+-----
Maces & Flails | 3 4 |  4.8
Fighting       | 4 |  4.2
Armour         | 4 |  4.1
Shields        | 4 |  4.1
Stealth        | |  0.2

Action                     |  1- 3 |  4- 6 || total
---------------------------+-------+-------++-------
  Melee: Flail             |   101 |   147 ||   248
 Armour: Scale mail        |    54 |    68 ||   122
  Dodge: Dodged            |    52 |    69 ||   121
  Block: Buckler           |    37 |    32 ||    69

Table legend: (Time is in decaauts)
 A = Elapsed time spent in this place.
 B = Non-inter-level travel time spent in this place.
 C = Inter-level travel time spent in this place.
 D = Time resting spent in this place.
 E = Time spent auto-exploring this place.
 F = Levels seen in this place.
 G = Mean time per level.
                   A        B        C        D        E       F      G
               +--------+--------+--------+--------+--------+-----+--------+
         Total |   2916 |   2834 |     82 |      0 |   2277 |   5 |  583.2 |
       Dungeon |   2916 |   2834 |     82 |      0 |   2277 |   5 |  583.2 |
               +--------+--------+--------+--------+--------+-----+--------+

Top non-repeatable levels by time:
     D:4: 860 daAuts
     D:1: 849 daAuts
     D:2: 495 daAuts
     D:3: 463 daAuts
     D:5: 248 daAuts
